 Dungeon Crawl Stone Soup version 0.29.1-12-g30fa7ad0bf (webtiles) character file.

Game seed: 3557404335166453481

264 hawla the Firebug (level 6, 0/45 HPs)
             Began as a Meteoran Fire Elementalist on Jan 12, 2023.
             Slain by a gnoll
             ... wielding a +0 whip
              (8 damage)
             ... on level 3 of the Dungeon.
             The game lasted 00:05:42 (789 turns).

hawla the Firebug (Meteoran Fire Elementalist)       Turns: 789, Time: 00:05:43

Health: 0/45       AC:  4    Str: 10    XL:     6   Next: 72%
Magic:  3/12       EV: 12    Int: 18    God:
Gold:   61         SH:  0    Dex: 15    Spells: 5/12 levels left

rFire   + . .      SeeInvis .   (no weapon)
rCold   . . .      Faith    .   (no shield)
rNeg    . . .      Spirit   .   a - +0 robe
rPois   .          Reflect  .   b - +1 helmet
rElec   .          Harm     .   (no cloak)
rCorr   .          Rampage  .   (no gloves)
Will    .....                   (no boots)
Stlth   +.........              (no amulet)
HPRegen 0.15/turn               d - ring of protection from fire
MPRegen 0.13/turn               (no ring)

@: glowing
A: sense surroundings 1, otherworldly, glowing, explore regen
a: no special abilities


You were on level 3 of the Dungeon.
You visited 1 branch of the dungeon, and saw 3 of its levels.

You collected 61 gold pieces.

Inventory:

Armour
 a - a +0 robe (worn)
 b - a +1 helmet (worn)
Jewellery
 d - a ring of protection from fire (left hand)
Wands
 f - a wand of flame (11) (quivered)
 i - a wand of roots (7)
Scrolls
 e - 4 scrolls of identify
Potions
 c - a potion of lignification {unknown}
 g - 3 potions of curing {unknown}


   Skills:
 - Level 2.6 Dodging
 - Level 1.4 Stealth
 - Level 3.6 Spellcasting
 - Level 5.0 Conjurations
 - Level 5.0 Fire Magic
 + Level 2.5 Evocations


You had 5 spell levels left.
You knew the following spells:

 Your Spells              Type           Power      Damage    Failure   Level
a - Foxfire               Conj/Fire      84%        2x1d8     1%          1
b - Scorch                Fire           42%        2d7       3%          2
c - Flame Wave            Conj/Fire      21%        2d8       21%         4

Your spell library contained the following spells:

 Spells                   Type           Power      Damage    Failure   Level
 Conjure Flame            Conj/Fire      21%        6-21      6%          3
 Inner Flame              Hex/Fire       12%        N/A       17%         3


Dungeon Overview and Level Annotations

Branches:
Dungeon (3/15) Zot: 1008

Altars:

Annotations:
D:3 1 transporter, Dvallin's ghost, amateur KoFi


Innate Abilities, Weirdness & Mutations

You passively map a small area around you.
You are easily found by Zot.
You glow in the dark.
You regain HP and MP as you explore.


Message History

As you read the scroll labelled CUIL LIATZ, it crumbles to dust.
It was a scroll of blinking.
The gnoll shouts!
You hear a shout! x3
There is an open door here.
Something hits you.
Casting: Flame Wave (quite dangerous; 21% risk of failure)
Confirm with . or Enter, or press ? or * to list all spells.
The spell is quite dangerous to miscast (21% risk of failure)!
Continue anyway?
Casting: Flame Wave (quite dangerous; 21% risk of failure)
Press: ? - help, Dir - look around, f - activate A wave of flame ripples out!
The flame wave engulfs the gnoll!
You kill the gnoll!
The flame wave engulfs something!
Reactivating autopickup.
You feel a bit more experienced. (Press . to intensify the flame waves.)
You hear a bark!
You hear a shout! x2; You hear a bark! x2
Your Evocations skill increases to level 2!
A wave of flame ripples out!
The flame wave engulfs the gnoll!
You kill the gnoll!
You hear a bark!
You hear a howl!
You hear a bark! 2 gnolls, an ogre and an orc come into view.
The gnoll shouts!
The ogre shouts!
The orc shouts!
A gnoll comes into view. It is wielding a +0 club.
An orc comes into view. It is wielding a +0 club.
Things that are here:
a +0 club; 14 gold pieces A gnoll comes into view.
It is wielding a +0 flail.
The gnoll shouts!
The gnoll moves out of view.
Found a dagger.
The ogre completely misses you. The ogre attacks as you move away!
The ogre hits you with a +0 giant club!!
Ouch! That really hurt!
* * * LOW HITPOINT WARNING * * *
Blink to where?
Press: ? - help, Dir - move target
As you read the scroll of blinking, it crumbles to dust.
The gnoll hits you with a +0 whip!
You die...

* * * * * * * , ,, , , ,
, , ~ ~ ~ ~ ~ ~ ~ ~ ~~ ~
~ ~ ~ * , , , ,, , .g ~ ,
* ###############.. *~ ,
, *#.ยง.Oogg@gg...#g# ,
######o###)...#g# ~~ , ,
, , gg.#.#....#.# ~ , *
.....#.##g###.#, ~~ ,,, *
, .......#.#.g.)..# ~ ,
.......')#...)..#, ~ ,,
#######################.#
~
.....#....#...........#.#
,
)))..'.)).')..........'.#
~


You could see an ogre, 6 gnolls and 2 orcs.

Vanquished Creatures
  A hound (D:3)
  An orc wizard (D:3)
  Robin (D:3)
  13 gnolls
  A dart slug (D:3)
  10 orcs (D:3)
  3 endoplasms
  A giant cockroach (D:2)
  8 goblins (D:3)
  4 hobgoblins (D:3)
  5 jackals
  A quokka (D:1)
  6 bats
  2 frilled lizards (D:2)
  4 kobolds
  3 rats
64 creatures vanquished.

Vanquished Creatures (others)
  108 foxfires
108 creatures vanquished.

Grand Total: 172 creatures vanquished

Notes
Turn   | Place    | Note
-------+----------+-------------------------------------------
     0 | D:1      | hawla the Meteoran Fire Elementalist began the quest for
                  | the Orb.
     0 | D:1      | Reached XP level 1. HP: 14/14 MP: 5/5
    46 | D:1      | Reached XP level 2. HP: 20/20 MP: 2/6
    49 | D:1      | Learned a level 2 spell: Scorch
    81 | D:1      | Reached XP level 3. HP: 26/26 MP: 4/8
   228 | D:3      | Noticed Robin
   236 | D:3      | Killed Robin
   237 | D:3      | Reached XP level 4. HP: 21/33 MP: 5/10
   241 | D:3      | Reached skill level 5 in Fire Magic
   281 | D:3      | Learned a level 4 spell: Flame Wave
   299 | D:3      | Found a transporter.
   304 | D:3      | Noticed Dvallin's ghost (amateur KoFi)
   340 | D:3      | Reached XP level 5. HP: 27/38 MP: 4/11
   709 | D:3      | Reached XP level 6. HP: 44/45 MP: 4/12
   749 | D:3      | Reached skill level 5 in Conjurations
   773 | D:3      | Reached skill level 1 in Evocations
   782 | D:3      | Noticed an ogre
   789 | D:3      | Slain by a gnoll

Illustrated notes

Levels and vault maps discovered:
D:1:      dpeg_arrival_pond, layout_loops_ring
D:2:      layout_rooms, basic_ecumenical_altar
D:3:      lemuel_castle_with_subvaults [lemuel_castle_interior_carwin_1],
          layout_loops_ring, gammafunk_ghost_stat_death,
          minmay_misc_feat_plants, uniq_robin

Skill      XL: |  1  2  3  4  5  6 |
---------------+-------------------+-----
Fire Magic     | 4 5 |  5.0
Spellcasting   | 3 |  3.6
Conjurations   | 2 4 5 |  5.0
Evocations     | 2 |  2.5
Dodging        | |  2.6
Stealth        | |  1.4

Action                   |  1- 3 |  4- 6 || total
-------------------------+-------+-------++-------
Melee: Unarmed           |     2 |    16 ||    18
       Punch             |       |     1 ||     1
 Cast: Foxfire           |    26 |    39 ||    65
       Scorch            |     5 |    18 ||    23
       Flame Wave        |       |     3 ||     3
  Use: Scroll            |     2 |     3 ||     5
       Potion            |     1 |       ||     1
Armor: Robe              |     1 |    10 ||    11
Dodge: Dodged            |     9 |    40 ||    49
